 Dungeon Crawl Stone Soup version 5.6-27-g44b401c (webtiles) character file.

1273 Ekaitz the Firebug (level 9, -1/103 HPs)
             Began as a Demonspawn Fire Elementalist on July 15, 2018.
             Was a Priest of Uskayaw.
             Slain by a two-headed ogre
             ... wielding a +0 giant club
              (10 damage)
             ... on level 8 of the Dungeon.
             The game lasted 00:23:04 (6139 turns).

Ekaitz the Firebug (Demonspawn Fire Elementalist)   Turns: 6139, Time: 00:23:05

Health: -1/103     AC: 29 (48%)Str: 16    XL:     9   Next: 82%
Magic:  2/17       EV:  2    Int: 27      God:    Uskayaw [3*[92]]
Gold:   396        SH:  0    Dex: 13 (14) Spells: 5/20 levels left

rFire    + . .     SeeInvis .   s - +1 mace (drain)
rCold    . . .     Faith    .   (no shield)
rNeg     + + +     Spirit   .   (armour currently unavailable)
rPois    +         Reflect  .   (helmet currently unavailable)
rElec    .         NoTele   +   (cloak currently unavailable)
rCorr    .                      (gloves currently unavailable)
MR       .....                  (boots currently unavailable)
Stlth    +++.......             (no amulet)
Regen    0.3/turn               u - ring of fire
MPRegen  0.3/turn               d - +5 ring of intelligence

@: mighty, brilliant, tree-form, frozen, very slightly contaminated, very slow
A: icemail 1, powered by death 2
a: Stomp, Line Pass, Renounce Religion


You were on level 8 of the Dungeon.
You worshipped Uskayaw.
Uskayaw was noncommittal.
You were not hungry.
You were a tree.
You visited 1 branch of the dungeon, and saw 8 of its levels.

You collected 396 gold pieces.

Inventory:

Hand Weapons
 c - a +0 whip
 e - a +0 dagger
 f - a +0 spear
 j - a +0 war axe
 k - a +0 rapier
 o - a +3 dagger of draining
 p - a +1 dagger of pain
 s - a +1 mace of draining (weapon)
 x - a +0 long sword
 y - a +2 dagger of flaming
 G - a +0 dagger of electrocution
 H - a +0 shortbow
Missiles
 m - 17 frenzy darts (quivered)
 C - 7 tomahawks
Armour
 q - a +0 ring mail of positive energy
 w - a +1 leather armour of positive energy (melded)
 B - a +0 pair of boots (melded)
 D - a +0 chain mail of fire resistance
 F - a +0 cloak (melded)
Jewellery
 b - an uncursed ring of resist corrosion
 d - a +5 ring of intelligence (right branch)
 i - a +5 ring of strength
 u - a ring of fire (left branch)
Wands
 E - a wand of flame (7)
 I - a wand of disintegration (5)
Scrolls
 g - a scroll of enchant weapon
 h - 2 scrolls of amnesia
 l - a scroll of noise
 n - 2 scrolls of magic mapping
 v - a scroll of fog
 A - 3 scrolls of fear
Potions
 r - 2 potions of mutation
 t - a potion of invisibility
 z - a potion of lignification


   Skills:
 * Level 5.7 Fighting
 + Level 1.6 Blades
 + Level 5.0 Maces & Staves
 + Level 0.1 Throwing
 + Level 1.8 Armour
 + Level 4.3 Dodging
 + Level 4.4 Stealth
 + Level 7.9 Fire Magic
 + Level 2.4 Air Magic
 * Level 5.0 Invocations


You had 5 spell levels left.
You knew the following spells:

 Your Spells              Type           Power        Failure   Level  Hunger
a - Flame Tongue          Fire           40 (40)      1%          1    N/A
b - Searing Ray           Fire           50 (50)      1%          2    N/A
c - Conjure Flame         Fire/Air       66 (100)     1%          3    N/A
d - Sticky Flame          Fire           78 (100)     1%          4    N/A
e - Fireball              Fire           78 (200)     1%          5    N/A

Your spell library contained the following spells:

 Spells                   Type           Power        Failure   Level  Hunger


Dungeon Overview and Level Annotations

Branches:
Dungeon (8/15)

Altars:
Cheibriados
Dithmenos
Elyvilon
Gozag
Jiyva
Kikubaaqudgha
Lugonu
Makhleb
Nemelex Xobeh
Okawaru
Qazlal
Ru
Sif Muna
Trog
Uskayaw
Vehumet
Wu Jian
Xom
Yredelemnul
Zin
The Shining One


Innate Abilities, Weirdness & Mutations

((You have a pair of horns on your head.))
((You are mostly covered in iridescent scales. (AC +4)))
A meltable icy envelope protects you from harm. (AC +5)
You regenerate health from kills.


Message History

The rime drake bites you but does no damage.
Uskayaw will force your foes to helplessly watch your dance.
Uskayaw prepares the audience for your solo!
Unknown command.
The helpless rime drake fails to defend itself.
You bludgeon the rime drake (25)!!
You kill the rime drake!
You feel your dexterity returning.
Your Maces & Staves skill increases to level 5!
The quasit burns! x2; The quasit is no longer paralysed.
The two-headed ogre is no longer paralysed.
The wight is no longer paralysed. x2
The spiny frog zombie is no longer paralysed.
The quasit bites you but does no damage.
The quasit claws you but does no damage. x2
The two-headed ogre is engulfed in a cloud of scalding steam (3).
The two-headed ogre hits you with a +0 giant club (15)!
* * * LOW HITPOINT WARNING * * *
The two-headed ogre hits you with a +0 giant club (10)!
You die...

..............≈≈
...............≈.#
............$....#
#...............##.
#......≈...........
##.....≈§§..........
......z≈≈§..........
......5♣§≈..........
.....z.§O.........#
.........$........#
....Z.............#
..................#
..................#
........:.$.........
.##............≈....
#...≈.............


You could see a two-headed ogre, 2 wights, a quasit (burning) and a spiny frog
zombie.

Vanquished Creatures
  A rime drake (D:8)
  Grinder (D:4)
  2 wyverns
  A spiny frog zombie (D:7)
  A water moccasin (D:7)
  2 ogres
  3 centaurs
  Blork the orc (D:6)
  2 bullfrogs
  4 scorpions
  4 killer bees (D:7)
  5 crimson imps
  A howler monkey (D:6)
  An electric eel (D:6)
  3 quasits
  2 centaur zombies (D:5)
  A hound (D:4)
  2 gnoll shamans
  3 orc priests
  2 centaur skeletons
  11 orc wizards
  11 worker ants
  3 hound skeletons
  Samantha (D:4)
  8 gnolls
  5 adders
  2 oozes (D:1)
  An adder skeleton (D:4)
  2 dart slugs
  28 orcs
  6 quokkas
  5 bats
  3 giant cockroaches
  23 goblins
  4 hobgoblins
  5 jackals
  12 kobolds
  A ball python (D:1)
  6 frilled lizards
  5 rats
  A spectral orc (D:3)
185 creatures vanquished.

Vanquished Creatures (collateral kills)
  An orc (D:4)
1 creature vanquished.

Vanquished Creatures (others)
  An orc (D:7)
1 creature vanquished.

Grand Total: 187 creatures vanquished

Notes
Turn   | Place    | Note
-------+----------+-------------------------------------------
     0 | D:1      | Ekaitz the Demonspawn Fire Elementalist began the quest for the Orb.
     0 | D:1      | Reached XP level 1. HP: 13/13 MP: 2/2
   467 | D:1      | Gained mutation: A meltable icy envelope protects you from harm. (AC +5) [demonic ancestry]
   467 | D:1      | Reached XP level 2. HP: 13/20 MP: 0/4
   469 | D:1      | Learned a level 2 spell: Searing Ray
   496 | D:1      | Reached skill level 4 in Fire Magic
   570 | D:1      | Reached skill level 1 in Fighting
   722 | D:1      | Gained mutation: You have a pair of small horns on your head. [demonic ancestry]
   722 | D:1      | Reached XP level 3. HP: 26/26 MP: 0/6
   724 | D:1      | Learned a level 3 spell: Conjure Flame
  1091 | D:2      | Reached skill level 1 in Air Magic
  1132 | D:2      | Found a deep blue altar of Sif Muna.
  1148 | D:2      | Gained mutation: You regenerate a little health from kills. [demonic ancestry]
  1148 | D:2      | Reached XP level 4. HP: 32/32 MP: 4/8
  1303 | D:2      | Found a burning altar of Makhleb.
  1922 | D:3      | Found a faded altar of an unknown god.
  2001 | D:3      | Reached skill level 1 in Maces & Staves
  2027 | D:3      | Found a shadowy altar of Dithmenos.
  2059 | D:3      | Reached XP level 5. HP: 38/38 MP: 4/9
  2138 | D:3      | Found a white marble altar of Elyvilon.
  2393 | D:3      | Learned a level 4 spell: Sticky Flame
  2624 | D:3      | Found a basalt altar of Yredelemnul.
  2785 | D:4      | Noticed a wyvern
  2996 | D:4      | Noticed Samantha
  3000 | D:4      | Gained mutation: You are partially covered in iridescent scales. (AC +2) [demonic ancestry]
  3000 | D:4      | Reached XP level 6. HP: 44/44 MP: 8/11
  3015 | D:4      | Killed Samantha
  3015 | D:4      | Reached skill level 5 in Fire Magic
  3063 | D:4      | Found a viscous altar of Jiyva.
  3179 | D:4      | Noticed Grinder
  3203 | D:4      | Paralysed by Grinder for 3 turns
  3206 | D:4      | HP: 1/44 [Grinder (3)]
  3209 | D:4      | Killed Grinder
  3209 | D:4      | Reached skill level 6 in Fire Magic
  3209 | D:4      | Gained mutation: You regenerate health from kills. [demonic ancestry]
  3209 | D:4      | Reached XP level 7. HP: 2/51 MP: 10/13
  3334 | D:4      | Killed a wyvern
  3519 | D:4      | Found an opulent altar of Gozag.
  3906 | D:5      | Entered Level 5 of the Dungeon
  3906 | D:5      | Noticed a dagger
  3906 | D:5      | Noticed a dagger
  3911 | D:5      | Found a hide-covered altar of Uskayaw.
  3921 | D:5      | Became a worshipper of Uskayaw the Reveler
  3959 | D:5      | Reached * piety under Uskayaw
  3961 | D:5      | Reached ** piety under Uskayaw
  3994 | D:5      | Reached skill level 1 in Invocations
  4017 | D:5      | Gained mutation: You have a pair of horns on your head. [demonic ancestry]
  4017 | D:5      | Reached XP level 8. HP: 59/59 MP: 12/15
  4033 | D:5      | Reached skill level 1 in Blades
  4068 | D:5      | Reached *** piety under Uskayaw
  4100 | D:5      | Found a radiant altar of Vehumet.
  4137 | D:5      | Found a stormy altar of Qazlal.
  4145 | D:5      | Found a glowing golden altar of the Shining One.
  4145 | D:5      | Found an ancient bone altar of Kikubaaqudgha.
  4145 | D:5      | Found a shimmering altar of Xom.
  4145 | D:5      | Found a snail-covered altar of Cheibriados.
  4145 | D:5      | Found an ornate altar of the Wu Jian Council.
  4145 | D:5      | Found an iron altar of Okawaru.
  4145 | D:5      | Found a sacrificial altar of Ru.
  4145 | D:5      | Found a bloodstained altar of Trog.
  4149 | D:5      | Learned a level 5 spell: Fireball
  4516 | D:6      | Reached skill level 7 in Fire Magic
  4538 | D:6      | Reached **** piety under Uskayaw
  5066 | D:6      | Reached skill level 1 in Armour
  5070 | D:6      | Gained mutation: You are mostly covered in iridescent scales. (AC +4) [demonic ancestry]
  5070 | D:6      | Reached XP level 9. HP: 55/66 MP: 17/17
  5187 | D:6      | Noticed Blork the orc
  5196 | D:6      | Killed Blork the orc
  5459 | D:7      | Reached skill level 5 in Fighting
  5829 | D:7      | Found a sparkling altar of Nemelex Xobeh.
  5880 | D:7      | Found a corrupted altar of Lugonu.
  5917 | D:7      | Found a glowing silver altar of Zin.
  6124 | D:8      | Noticed a two-headed ogre
  6131 | D:8      | Noticed a rime drake
  6134 | D:8      | Reached skill level 5 in Invocations
  6139 | D:8      | Killed a rime drake
  6139 | D:8      | Reached skill level 5 in Maces & Staves
  6139 | D:8      | Slain by a two-headed ogre

Skill      XL: |  1  2  3  4  5  6  7  8  9 |
---------------+----------------------------+-----
Fire Magic     | 4 6 7 |  7.9
Fighting       | 1 2 3 4 5 |  5.7
Air Magic      | 1 2 |  2.4
Stealth        | 2 4 |  4.4
Maces & Staves | 1 2 3 5 |  5.0
Dodging        | 2 3 4 |  4.3
Invocations    | 1 3 5 |  5.0
Blades         | 1 |  1.6
Armour         | 1 |  1.8
Throwing       | |  0.1

Action                   |  1- 3 |  4- 6 |  7- 9 || total
-------------------------+-------+-------+-------++-------
Melee: Unarmed           |     4 |       |       ||     4
       Whip              |    27 |    61 |       ||    88
       Headbutt          |     2 |    10 |    45 ||    57
       Dagger            |       |    15 |    14 ||    29
       Mace              |       |       |   253 ||   253
Throw: Frenzy dart       |       |     1 |       ||     1
 Cast: Flame Tongue      |    16 |    26 |    54 ||    96
       Searing Ray       |    11 |    15 |    13 ||    39
       Conjure Flame     |       |     3 |     8 ||    11
       Sticky Flame      |       |     2 |     1 ||     3
       Fireball          |       |       |     2 ||     2
Invok: Stomp             |       |       |     5 ||     5
       Line Pass         |       |       |     2 ||     2
  Use: Potion            |       |     1 |     2 ||     3
 Stab: Distracted        |     1 |       |       ||     1
       Sleeping          |       |     3 |     8 ||    11
       Paralysed         |       |       |     7 ||     7
       Confused          |       |       |     1 ||     1
Armor: Robe              |    10 |    30 |    28 ||    68
       Leather armour    |       |       |   153 ||   153
       Skin              |       |       |    13 ||    13
Dodge: Dodged            |    29 |    71 |   318 ||   418
